 Dungeon Crawl Stone Soup version 0.20.1-1-g8b1a95d (webtiles) character file.

417 Irenicus the Cleaver (level 6, 0/55 HPs)
             Began as a Deep Dwarf Berserker on Nov 10, 2017.
             Was a Believer of Trog.
             Slain by a worker ant (5 damage)
             ... on level 4 of the Dungeon.
             The game lasted 00:06:33 (806 turns).

Irenicus the Cleaver (Deep Dwarf Berserker)          Turns: 806, Time: 00:06:37

Health: 0/55       AC:  4    Str: 20    XL:     6   Next: 61%
Magic:  6/6        EV: 12    Int:  8    God:    Trog [**....]
Gold:   95         SH:  0    Dex: 14    Spells: 5/5 levels left

rFire    . . .     SeeInvis .   a - +0 hand axe
rCold    . . .     Gourm    +   (no shield)
rNeg     + . .     Faith    .   p - +0 leather armour
rPois    .         Spirit   .   (no helmet)
rElec    .         Reflect  .   (no cloak)
rCorr    .         Harm     .   (no gloves)
MR       ++...                  b - +0 pair of boots
Stlth    +.........             n - amulet of the gourmand
Regen    1.0/turn               i - ring of positive energy
MPRegen  0.1/turn               (no ring)

@: lethally poisoned (0 -> 0), berserk cooldown, non-regenerating, slowed, very
slow
A: damage resistance, heal wounds, sense surroundings 1, no regeneration
a: Heal Wounds, Berserk, Trog's Hand, Burn Spellbooks, Renounce Religion


You were on level 4 of the Dungeon.
You worshipped Trog.
Trog was pleased with you.
You were not hungry.

You visited 1 branch of the dungeon, and saw 4 of its levels.

You collected 95 gold pieces.

Inventory:

Hand Weapons
 a - a +0 hand axe (weapon)
Armour
 b - a +0 pair of boots (worn)
 p - a +0 leather armour (worn)
Jewellery
 i - a ring of positive energy (left hand)
 n - an amulet of the gourmand (around neck)
Scrolls
 d - a scroll of amnesia
 e - a scroll of identify
 g - a scroll of blinking {unknown}
 h - a scroll of enchant armour {unknown}
 j - a scroll of teleportation
 m - a scroll of magic mapping {unknown}
Potions
 l - 2 potions of curing
 o - a potion of heal wounds
Comestibles
 f - a meat ration


   Skills:
 - Level 2.6 Fighting
 + Level 8.3 Axes
 - Level 2.1 Armour
 - Level 2.1 Dodging


You had 5 spell levels left.
You didn't know any spells.

Dungeon Overview and Level Annotations

Branches:
Dungeon (4/15)             Temple (0/1) D:4

Altars:


Innate Abilities, Weirdness & Mutations

You are resistant to damage.
You can heal yourself by infusing magical energy.
You passively map a small area around you.
You do not regenerate.


Message History

The hound barely misses you. The worker ant bites you.
* * * LOW HITPOINT WARNING * * *
You are poisoned.
The worker ant poisons you! The hound closely misses you.
You hit the hound.
The hound is lightly wounded.
You hit the worker ant but do no damage.
The worker ant closely misses you. The hound bites you.
* * * LOW HITPOINT WARNING * * *
The worker ant bites you!
* * * LOW HITPOINT WARNING * * *
The hound closely misses you.
You hit the hound.
The hound is moderately wounded.
You hit the worker ant.
You feel the effects of Trog's Hand fading.
The hound bites you.
* * * LOW HITPOINT WARNING * * *
The worker ant bites you.
You die...

, * #.# ** ,
*... , ,, *.. *
######.# ## , ,
, . .W.#$.#..##
,,*
#.##*#.........
#....#...#, ,
####..h### , *
#...⌠..a@#
.........#*,, ,
, ..⌠.>.⌠... ,
, * ....?...#..
....⌠...###. ,
,....#.... ## *
,, ....#.###* ,
* .. #. , ,


You could see a hound, a worker ant and Irenicus's ghost.

Vanquished Creatures
  Grinder (D:3)
  A bullfrog (D:4)
  2 scorpions (D:4)
  2 adders (D:4)
  2 dart slugs
  5 orcs (D:4)
  3 giant cockroaches
  3 goblins
  A hobgoblin (D:1)
  4 jackals (D:3)
  7 kobolds
  6 bats
  2 frilled lizards
  5 rats
44 creatures vanquished.

Notes
Turn   | Place    | Note
-------+----------+-------------------------------------------
     0 | D:1      | Irenicus the Deep Dwarf Berserker began the quest for the Orb.
     0 | D:1      | Reached XP level 1. HP: 20/20 MP: 1/1
   269 | D:1      | Reached XP level 2. HP: 17/27 MP: 2/2
   283 | D:1      | Reached skill level 4 in Axes
   443 | D:3      | Noticed Grinder
   453 | D:3      | Paralysed by Grinder for 2 turns
   456 | D:3      | Killed Grinder
   456 | D:3      | Reached skill level 7 in Axes
   456 | D:3      | Reached XP level 3. HP: 31/33 MP: 3/3
   456 | D:3      | Reached XP level 4. HP: 38/40 MP: 4/4
   456 | D:3      | Reached XP level 5. HP: 44/46 MP: 5/5
   587 | D:3      | Reached ** piety under Trog
   783 | D:4      | Reached XP level 6. HP: 8/55 MP: 6/6
   792 | D:4      | Reached skill level 8 in Axes
   798 | D:4      | Found a staircase to the Ecumenical Temple.
   806 | D:4      | Slain by a worker ant

Skill      XL: |  1  2  3  4  5  6 |
---------------+-------------------+-----
Axes           | 7 8 |  8.3
Fighting       | |  2.6
Armour         | |  2.1
Dodging        | |  2.1

Action                   |  1- 3 |  4- 6 || total
-------------------------+-------+-------++-------
Melee: Hand axe          |    43 |    69 ||   112
Invok: Berserk           |     1 |     1 ||     2
       Trog's Hand       |       |     2 ||     2
  Use: Potion            |     2 |       ||     2
       Scroll            |       |     3 ||     3
  Eat: Chunk             |     1 |       ||     1
       Bread ration      |       |     1 ||     1
Armor: Animal skin       |     7 |       ||     7
       Leather armour    |     1 |    23 ||    24
Dodge: Dodged            |    21 |    81 ||   102
